[Event "*** Titled Tuesday 3|2 Blitz"]
[Site "Chess.com"]
[Date "2015.08.04"]
[Round "9"]
[White "WanderingPuppet"]
[Black "goldaxe"]
[Result "1/2-1/2"]
[WhiteElo "2176"]
[BlackElo "2165"]
[TimeControl "180+2"]
[EndTime "13:29:45 PDT"]
[Termination "Game drawn by stalemate"]

1. e4 e5 2. Nf3 Nc6 3. Bb5 a6 4. Ba4 Nf6 5. O-O Be7 6. Re1 b5 7. Bb3 d6 8. a4 Rb8 9. axb5 axb5 10. c3 O-O 11. d4 Bg4 12. d5 Qd7 13. dxc6 Qxc6 14.
h3 Bh5 15. Bg5 b4 16. Bxf6 Bxf6 17. Bd5 Qb6 18. Nbd2 c6 19. Bc4 Rfd8 20. Qb3 Qc5 21. g4 Bg6 22. Qa4 d5 23. Bd3 bxc3 24. bxc3 Qxc3 25.
Bf1 dxe4 26. Rac1 Qb4 27. Qxc6 exf3 28. Nxf3 e4 29. g5 Bb2 30. Rc4 Qa5 31. Rcxe4 Bxe4 32. Rxe4 g6 33. Bc4 Rf8 34. Qd7 Qf5 35. Qxf5 gxf5 36. Re7 Rbc8 37. Ba6 Rc3 38. Nh4 Rxh3 39. Nxf5 Rh5 40. f4 Bc1 41. Nh6+ Rxh6 42. gxh6 Bxf4 43. Bc4 Bxh6 44. Kg2 Bg5 45. Kf3 Kg7 46. Kg4 h6 47.
Rc7 Kg6 48. Rc6+ f6 49. Bd3+ Kg7 50. Rc7+ Kg8 51. Bh7+ Kh8 52. Bf5 Rb8 53. Kh5 Kg8 54.
Kg6 Kf8 55. Rf7+ Ke8 56. Rh7 Kd8 57. Rh8+ Kc7 58. Rxb8 Kxb8 59. Kh5 Kc7 60. Kg4 Kd6 61. Bc8 Ke5 62. Bd7 Ke4 63. Bc8 Ke3 64. Kh3 Kf2 65. Kh2 Kf3 66. Kh1 Kf4 67. Bd7 h5 68. Bc8 h4 69.
Bd7 f5 70. Bxf5 Kxf5 71. Kg1 Kf4 72. Kh1 Kg3 73. Kg1 Bf4 74. Kh1 h3 75. Kg1 Bg5 76. Kh1 Kh4 77. Kg1 Bh6 78. Kh1 Bf8 79. Kg1 Bd6 80. Kh1 Be5 81. Kg1 Kg3 82. Kh1 Bc3 83.
Kg1 Be1 84. Kh1 Bd2 85. Kg1 Bg5 86. Kh1 Bh4 87. Kg1 h2+ 88. Kh1 Kh3 1/2-1/2

[Event "*** Titled Tuesday 3|2 Blitz"]
[Site "Chess.com"]
[Date "2015.08.04"]
[Round "9"]
[White "Hikaru"]
[Black "Tal-Baronfew"]
[Result "1/2-1/2"]
[WhiteElo "2854"]
[BlackElo "2805"]
[TimeControl "180+2"]
[EndTime "13:29:49 PDT"]
[Termination "Game drawn by repetition"]

1. b3 d5 2. Bb2 Bg4 3. Nf3 Nd7 4. e3 Ngf6 5. h3 Bxf3 6. Qxf3 e5 7. Qd1 c6 8. g3 Bd6 9. Bg2 O-O 10. d3 a5 11.
a3 Re8 12. Nd2 Nf8 13. c4 d4 14. O-O Ne6 15. e4 Qc7 16. Kh1 h6 17. Nf3 b5 18.
Qc2 Rec8 19. Rfc1 bxc4 20. Qxc4 c5 21. h4 a4 22. bxa4 Nd7 23. Nd2 Nb6 24. Qa2 Nxa4 25. Bh3 Re8 26. Nc4 Rab8 27. Rab1 Bf8 28. Ba1 g6 29. Rb3 Nb6 30. Nxb6 Rxb6 31. Bg4 Reb8 32. Rxb6 Qxb6 33. Bd1 h5 34. Kg2 Qa6 35. Be2 Bh6 36. Rc4 Qb5 37. Rc2 Qb1 38. a4 c4 39. dxc4 Nc5 40. Qxb1 Rxb1 41. Ra2 d3 42. Bf3 d2 43. a5 Na6 44. Bxe5 d1=Q 45. Bxd1 Rxd1 46. Rb2 Bg7 47.
Bxg7 Kxg7 48. e5 Ra1 49. Rb5 Nc7 50. Rc5 Ne6 51. Rb5 Nc7 52. Rb7 Ne6 53. Ra7 Ra4 54.
a6 Rxc4 55. Rb7 Ra4 56. a7 Nc5 57. Rc7 Ne6 58. Re7 Ra2 59. Kf1 Kf8 60. Rb7 Kg7 61. f4 Nd4 62. Ke1 Ne6 63. Kd1 Nd4 64. Kc1 Ne6 65.
Kb1 Ra6 66. Kc2 Ra1 67. Kb2 Ra6 68. Kc3 Ra1 69. Kc4 Rc1+ 70. Kd5 Rd1+ 71. Kc6 Rc1+ 72.
Kd6 Rd1+ 73. Ke7 Ra1 74. Ke8 Kg8 75. Ke7 Kg7 76. Ke8 Kg8 77. Rd7 Ra6 78. Rb7 Ra1 1/2-1/2

[Event "*** Titled Tuesday 3|2 Blitz"]
[Site "Chess.com"]
[Date "2015.08.04"]
[Round "9"]
[White "Haykos"]
[Black "proxy6"]
[Result "1-0"]
[WhiteElo "2172"]
[BlackElo "1906"]
[TimeControl "180+2"]
[EndTime "13:30:08 PDT"]
[Termination "Haykos won by resignation"]

1. e4 e5 2. Nf3 Nc6 3. Bc4 Bc5 4. d3 Nf6 5. O-O a6 6. c3 O-O 7. Re1 Ba7 8. Bb3 d6 9. Nbd2 Kh8 10. Nf1 Ng4 11. Re2 f5 12. Bg5 Qe8 13. h3 Nh6 14.
Bxh6 gxh6 15. exf5 Bxf5 16. Bd5 Rb8 17. Be4 Ne7 18.
Ng3 Bg6 19. Nh4 Qf7 20. Qd2 Qg7 21. Rf1 Rf7 22. Bxg6 hxg6 23. Kh2 g5 24. Nf3 Ng6 25. d4 Nf4 26. Ree1 exd4 27. Nxd4 Rbf8 28. f3 Qg6 29. Qc2 Bxd4 30. Qxg6 Nxg6 31. cxd4 Nf4 32. Ne4 Nd3 33.
Re2 Rf5 34. Rd2 Nf4 35. Rc1 R8f7 36. Rdc2 Nd5 37. Re1 Kg7 38. Ng3 Rf4 39. Nh5+ Kg6 40.
Nxf4+ Rxf4 41. Re4 Rf7 42. h4 Rd7 43. Kg3 Nf6 44.
Re6 Kf7 45. Rce2 Nh5+ 46. Kg4 Nf4 47. R6e4 Nxe2 48. Rxe2 Kf6 49. hxg5+ hxg5 50. d5 c6 51. Re6+ Kf7 52. Rh6 Kg7 53. Rh5 cxd5 54. Rxg5+ Kf6 55. Rxd5 Ke6 56. Rd2 d5 57. f4 d4 58. Kf3 Kd5 59.
b3 Rc7 60. f5 Ke5 61. g4 Rc3+ 62. Kf2 Rh3 63. Kg2 Rc3 64. Rf2 d3 65. f6 Rc8 66. f7 Rf8 67. g5 d2 68. Rxd2 Rxf7 69. Kg3 Rg7 70. Kg4 Ke6 71. Re2+ Kf7 72. Kf5 Kg8 73.
Re8+ Kf7 74. Rb8 b5 75. g6+ Ke7 76. Rb7+ Kf8 77. Rxg7 Kxg7 78. b4 Kg8 79. Kf6 Kf8 80. g7+ Kg8 81. a3 a5 82. bxa5 b4 83. axb4 Kh7 84.
Kf7 Kh6 85. g8=Q Kh5 86. a6 1-0

[Event "*** Titled Tuesday 3|2 Blitz"]
[Site "Chess.com"]
[Date "2015.08.04"]
[Round "9"]
[White "dabee"]
[Black "pKiLz5Rn9b"]
[Result "1/2-1/2"]
[WhiteElo "2439"]
[BlackElo "2403"]
[TimeControl "180+2"]
[EndTime "13:30:09 PDT"]
[Termination "Game drawn by agreement"]

1. d4 e6 2. e4 d5 3. exd5 exd5 4.
Bd3 Bd6 5. Nc3 Ne7 6. Nb5 Bb4+ 7. Bd2 Bxd2+ 8. Qxd2 c6 9. Nc3 Nd7 10. Nge2 Nf6 11.
O-O O-O 12. Ng3 Be6 13. Rfe1 Qd7 14. Nce2 Nf5 15. Qf4 Nxg3 16. Nxg3 Rfe8 17. c3 Rad8 18. Re5 Qd6 19. Rae1 Ng4 20. Qxg4 Qxe5 21. Bxh7+ Kf8 22.
Qd1 Qf6 23. Bd3 g6 24. Qd2 Kg7 25. Rf1 Rh8 26. h3 Qh4 27. Re1 Rde8 28. Re3 Bd7 29. Rxe8 Rxe8 30. Kh2 Qh6 31. f4 Rh8 32. Qf2 Re8 33. Qf3 f5 34. Qf2 Kh8 35. Ne2 Qg7 36. Ng1 Re7 37. Nf3 Be8 38. Ne5 Qf6 39. Qg3 Rh7 40. Kg1 Kg7 41. Qe3 Rh8 42. b3 Bf7 43.
c4 dxc4 44. bxc4 Rd8 45. d5 cxd5 46. cxd5 Rxd5 47. Qxa7 Qe7 48. Kh2 Be8 49. Bc4 Rc5 50.
Qa3 Rxe5 51. Qc3 Kf6 52. fxe5+ Qxe5+ 53. Qxe5+ Kxe5 54. g3 Kd4 55. Bb3 Ke3 56. h4 Kf2 57. Be6 Kf3 58. Kh3 b6 59. h5 gxh5 60. Bxf5 b5 61. a3 Ke3 62. Kh4 Kf3 63. Bc2 Bf7 64. Bd1+ Kg2 65. Bxh5 Bxh5 66. Kxh5 Kxg3 67. Kg5 Kf3 68.
Kf5 Kg3 69. Ke5 Kg4 70. Kd5 Kf5 71. Kc5 Ke6 72. Kxb5 Kd7 73. Kb6 Kc8 1/2-1/2

[Event "*** Titled Tuesday 3|2 Blitz"]
[Site "Chess.com"]
[Date "2015.08.04"]
[Round "9"]
[White "FairChess_on_YouTube"]
[Black "Genghis_K"]
[Result "1-0"]
[WhiteElo "2742"]
[BlackElo "2587"]
[TimeControl "180+2"]
[EndTime "13:30:46 PDT"]
[Termination "FairChess_on_YouTube won by resignation"]

1. d4 Nf6 2. Bg5 e6 3. Nf3 h6 4. Bh4 d6 5. Nbd2 g5 6. Bg3 Nh5 7. e3 Bg7 8. c3 Nd7 9. Bd3 Qe7 10. Nc4 b6 11. Nfd2 Nxg3 12. hxg3 Bb7 13. e4 c5 14. d5 O-O 15. Ne3 Nf6 16. Qe2 a6 17. f4 Rfe8 18. O-O-O Bc8 19. dxe6 Bxe6 20. e5 dxe5 21.
fxg5 hxg5 22. Ne4 Rad8 23. Rdf1 Nd5 24. Nf5 Bxf5 25. Rxf5 f6 26. Bc4 b5 27. Bxd5+ Rxd5 28. Qh5 Red8 29. Qg6 R8d6 30. Nxg5 Kf8 31. Nh7+ Kg8 32.
Rfh5 Qf7 33. Nxf6+ Kf8 34. Qxf7+ Kxf7 35. Nxd5 Rxd5 36.
Rf5+ Ke6 37. Rf2 Rd3 38. Rf3 Rd8 39. Kc2 Rg8 40. Rh5 Bf8 41. Kd3 Be7 42. c4 bxc4+ 43. Kxc4 Rg4+ 44. Kc3 e4 45. Rh6+ Ke5 46. Rh5+ Ke6 47.
Re3 Bf6+ 48. Kc4 Bd4 49. Re2 e3 50. Kd3 Rxg3 51. b4 Kd6 52. bxc5+ Bxc5 53. Rh6+ Kd5 54.
Rxa6 Rg4 55. Ra5 Rd4+ 56. Kxe3 Ra4+ 57. Rxc5+ Kxc5 58. Kf3 Ra3+ 59. Kf4 Ra4+ 60. Kf5 Ra8 61. g4 Rf8+ 62. Kg6 Rg8+ 63. Kf5 Rf8+ 64. Kg5 Rg8+ 65. Kh4 Rh8+ 66. Kg3 Rg8 67. Rd2 Kc4 68. Rd7 Kc5 69. Kf4 Kc6 70. Rf7 Kd6 71. Kf5 Ra8 72. g5 Rxa2 73. Kg6 Ke6 74. Kg7 Rg2 75. g6 Rg1 76.
Rf2 Ke7 77. Re2+ Kd7 78. Kf7 Rf1+ 79. Kg8 Rg1 80. g7 Rg3 81. Rh2 Ke7 82. Kh8 Kf7 83.
Rf2+ 1-0

[Event "*** Titled Tuesday 3|2 Blitz"]
[Site "Chess.com"]
[Date "2015.08.04"]
[Round "9"]
[White "michaelk123"]
[Black "lexiel"]
[Result "1-0"]
[WhiteElo "2082"]
[BlackElo "2266"]
[TimeControl "180+2"]
[EndTime "13:31:53 PDT"]
[Termination "michaelk123 won by resignation"]

1. e4 d6 2. d4 Nf6 3. Nc3 e5 4. Nf3 Nbd7 5. Bc4 Be7 6. a4 O-O 7. O-O a6 8. h3 b6 9. Re1 Bb7 10. d5 c5 11. dxc6 Bxc6 12. Bg5 Qc7 13. Bxf6 Nxf6 14.
Bd5 Rac8 15. Bxc6 Qxc6 16. Qd3 Qc4 17. Rad1 Rfd8 18. Re3 Qb4 19. b3 Qa5 20. Nd2 d5 21. exd5 Nxd5 22. Nc4 Nxe3 23. Qxe3 Rxd1+ 24. Nxd1 Qc5 25.
Qe4 Bf6 26. Nde3 b5 27. axb5 axb5 28. Na5 Bg5 29. Nb7 Qc7 30. Nd5 Qc6 31. h4 Bf6 32. c4 bxc4 33. bxc4 Kh8 34. Na5 Qa6 35. Qe1 Bd8 36. Qxe5 Bxa5 37. Ne7 Rf8 38. Nf5 Qf6 39. Qxa5 h6 40. g3 Rc8 41. Ne3 Qe6 42. Qd5 Qf6 43. Kg2 Rd8 44. Qe4 Kg8 45. Nd5 Qd6 46. Ne3 Qc5 47.
Nd5 g6 48. Ne7+ Kf8 49. Nd5 Qd6 50. Qd4 Kg8 51. Nf6+ Kf8 52. Nh7+ Ke7 53. Qe3+ Qe6 54. Qxh6 Qe4+ 55. Kh2 Rd1 56. Qg5+ Kd6 57. Qf4+ Qxf4 58. gxf4 Ke6 59. Ng5+ Kf6 60. Ne4+ Kf5 61. Ng5 f6 62. Nh3 Rc1 63. Kg3 Rc3+ 64. Kg2 Rxc4 65. Kg3 Rc3+ 66. Kg2 Kg4 67. Ng1 Kxf4 68. Ne2+ Kg4 69. Nxc3 Kxh4 70.
Ne4 f5 71. Nd6 Kg4 72. Nf7 Kf4 73. Nh8 Kg5 74. Nf7+ Kf4 75. Nd6 Ke5 76. Nc4+ Kf4 77. Nb6 g5 78. Nd5+ Ke5 79. Nc3 Kd4 80. Ne2+ Ke4 81. Ng3+ Kf4 82. Nh5+ Kg4 83. Ng7 Kf4 84. Ne6+ Kg4 85. f3+ Kh4 86. Nd4 g4 87. f4 g3 88. Kf3 Kh3 89. Ne2 g2 90. Kf2 Kh2 91.
Ng1 Kh1 92. Nf3 g1=Q+ 93. Nxg1 Kh2 94. Ne2 Kh3 95. Ke3 1-0